 Dungeon Crawl Stone Soup version 0.17.1-3-g152610e (webtiles) character file.

199 Nekros the Grave Robber (level 5, -1/36 HPs)
             Began as a Vampire Necromancer on Apr 22, 2016.
             Slain by an ooze (4 damage)
             ... on level 4 of the Dungeon.
             The game lasted 01:04:34 (3930 turns).

Nekros the Grave Robber (Vampire Necromancer)       Turns: 3930, Time: 01:04:34

Health: -1/36      AC:  2    Str:  7      XL:     5   Next: 48%
Magic:  3/9        EV: 16    Int: 15 (18) God:
Gold:   134        SH:  0    Dex: 15      Spells: 3 memorised, 5 levels left

rFire  . . .     SeeInvis +     g - +1 falchion
rCold  . . .     Clarity  .     a - +0 robe
rNeg   + . .     SustAt   .     (no shield)
rPois  .         Gourm    .     (no helmet)
rElec  .         Spirit   .     (no cloak)
rCorr  .         Warding  .     (no gloves)
rMut   .         Stasis   .     (no boots)
MR     .....                    f - amulet of rage
Stlth  +++.......               (no ring)
                                d - +3 ring of evasion

@: lethally poisoned (-1 -> -3), not resistant to hostile enchantments, fairly
stealthy
A: fangs 3, see invisible, unbreathing
a: Bat Form, Evoke Berserk Rage


You were on level 4 of the Dungeon.
You were not thirsty.

You visited 1 branch of the dungeon, and saw 4 of its levels.

You collected 134 gold pieces.

Inventory:

Hand Weapons
 g - a +1 falchion (weapon)
Armour
 a - a +0 robe (worn)
Jewellery
 d - a +3 ring of evasion (left hand)
 f - an amulet of rage (around neck)
 j - an uncursed ring of sustain attributes
Wands
 e - a wand of slowing (18)
Scrolls
 h - a scroll of remove curse
 i - 3 scrolls of enchant weapon
Potions
 c - a potion of might
 l - a potion of haste
Books
 b - a book of Necromancy

   Spells                             Type                      Level
   a - Pain                           Necromancy                   1
   b - Animate Skeleton               Necromancy                   1
   c - Vampiric Draining              Necromancy                   3
   d - Regeneration                   Charms/Necromancy            3
   e - Animate Dead                   Necromancy                   4
   f - Control Undead                 Necromancy                   4


   Skills:
 + Level 0.5 Fighting
 + Level 2.8 Dodging
 + Level 3.6 Stealth
 + Level 3.1 Spellcasting
 * Level 6.3 Necromancy


You had 5 spell levels left.
You knew the following spells:

 Your Spells              Type           Power        Failure   Level  Hunger
a - Pain                  Necr           ###.         1%          1    #......
b - Animate Skeleton      Necr           N/A          1%          1    #......
c - Vampiric Draining     Necr           ###.......   4%          3    ###....


Dungeon Overview and Level Annotations

Branches:
Dungeon (4/15)
 Temple: D:4-7

Altars:
Ashenzari
Dithmenos
Elyvilon
Fedhas
Makhleb
Jiyva

Annotations:
D:3 kay3's ghost, amateur DrIE


Innate Abilities, Weirdness & Mutations

You have razor-sharp teeth.
You have supernaturally acute eyesight.
You can survive without breathing.


Message History

You hit the adder but do no damage.
The adder is almost dead.
You feel sick. The adder completely misses you. The ooze closely misses you.
The jelly misses you. The adder barely misses you.
You hit the adder.
You kill the adder!
You feel your intelligence returning. The ooze closely misses you.
The jelly closely misses you. The ooze hits you but does no damage.
The ooze closely misses you.
Casting: Pain
Confirm with . or Enter, or press ? or * to list all spells.
Aiming: Pain
Press: ? - help, Shift-Dir - straight line, f - ooze
Aim: an ooze (chance to defeat MR: 80%)
The ooze convulses in agony!
The jelly hits you.
* * * LOW HITPOINT WARNING * * *
You are splashed with acid!
The acid burns!
* * * LOW HITPOINT WARNING * * *
The ooze hits you but does no damage. The ooze hits you.
You die...

....#### #...# #.###
#...# ### #.# #...#
#.. #.# #...# #.# #.#
##.####.#### #.#
####..........# #.#
#.......##.#..# ..#
#.......J<.#..##.#
###
#......@J........#
#..<....J...>..###
......%.....##......
..#.................
...###.....######.._J
.. ##...## /... ##.##
... ... ..


You could see a jelly and 2 oozes.

Vanquished Creatures
  An orc priest (D:3)
  A worker ant (D:4)
  Natasha (twice) (D:2)
  A hound skeleton (D:3)
  3 adders
  An ooze (D:1)
  2 giant geckos
  7 orcs (D:3)
  A ball python (D:4)
  9 bats
  2 giant cockroaches
  2 quokkas
  A giant newt (D:1)
  4 goblins
  4 jackals (D:1)
  10 kobolds
  6 rats
57 creatures vanquished.

Vanquished Creatures (collateral kills)
  A giant gecko (D:1)
  Natasha (D:2)
  A giant cockroach (D:2)
  2 goblins
  3 bats
  A giant newt (D:1)
  A kobold (D:3)
  A rat (D:1)
11 creatures vanquished.

Vanquished Creatures (others)
  A hound (D:4)
1 creature vanquished.

Grand Total: 69 creatures vanquished

Notes
Turn   | Place    | Note
--------------------------------------------------------------
     0 | D:1      | Nekros the Vampire Necromancer began the quest for the Orb.
     0 | D:1      | Reached XP level 1. HP: 13/13 MP: 3/3
     2 | D:1      | Learned a level 1 spell: Animate Skeleton
   302 | D:1      | Reached XP level 2. HP: 16/19 MP: 3/5
   577 | D:1      | Reached skill level 5 in Necromancy
  1012 | D:1      | Reached XP level 3. HP: 13/24 MP: 3/6
  1093 | D:1      | Learned a level 3 spell: Vampiric Draining
  1557 | D:2      | Found a burning altar of Makhleb.
  1615 | D:2      | Found a shadowy altar of Dithmenos.
  1619 | D:2      | Found a white marble altar of Elyvilon.
  1626 | D:2      | Found a blossoming altar of Fedhas.
  1664 | D:2      | Noticed Natasha
  1677 | D:2      | Killed Natasha
  1677 | D:2      | Reached XP level 4. HP: 25/30 MP: 0/7
  1690 | D:2      | Noticed Natasha
  1700 | D:2      | Killed Natasha
  1715 | D:2      | Noticed Natasha
  1720 | D:2      | Killed Natasha
  1789 | D:2      | Your ally Natasha died
  1943 | D:2      | Your ally Natasha died
  2104 | D:2      | Found a shattered altar of Ashenzari.
  2820 | D:3      | Reached skill level 6 in Necromancy
  2820 | D:3      | Reached XP level 5. HP: 15/35 MP: 0/9
  2996 | D:3      | Noticed kay3's ghost (amateur DrIE)
  3770 | D:4      | Found a viscous altar of Jiyva.
  3930 | D:4      | Slain by an ooze

Action                   |  1- 3 |  4- 6 || total
-------------------------+-------+-------++-------
Melee: Unarmed           |     9 |       ||     9
       Falchion          |     5 |    38 ||    43
 Cast: Pain              |    55 |    45 ||   100
       Animate Skeleton  |    14 |    10 ||    24
       Vampiric Draining |       |     1 ||     1
 Abil: End Transformatio |     2 |     2 ||     4
       Bat Form          |     2 |     2 ||     4
  Use: Potion            |     4 |     4 ||     8
       Scroll            |     1 |     6 ||     7
 Stab: Distracted        |       |     1 ||     1
  Eat: Corpse            |     5 |     6 ||    11
